 Dungeon Crawl Stone Soup version 0.28.0-43-g3370ac3207 (webtiles) character file.

Game seed: 17949254712667835507

3957 fknight the Cleaver (level 10, -1/90 (93) HPs)
             Began as a Hill Orc Monk on Mar 3, 2022.
             Was a Believer of Beogh.
             Killed from afar by a steam dragon (15 damage)
             ... with a ball of steam
             ... on level 7 of the Dungeon.
             The game lasted 00:36:23 (11250 turns).

fknight the Cleaver (Hill Orc Monk)                Turns: 11250, Time: 00:36:23

HP:   -1/90 (93)    AC: 12    Str: 19    XL:     10   Next: 21%
MP:   12/12         EV:  7    Int: 10    God:    Beogh [**....]
Gold: 395           SH:  0    Dex: 13    Spells: 9/9 levels left

rFire   . . .      SeeInvis .   b - +2 hand axe
rCold   . . .      Faith    .   (no shield)
rNeg    . . .      Spirit   .   w - +0 plate armour {Will+}
rPois   +          Reflect  .   (no helmet)
rElec   .          Harm     .   z - +0 cloak
rCorr   .          Rampage  .   (no gloves)
Will    +....                   (no boots)
Stlth   ..........              (no amulet)
HPRegen 0.25/turn               u - ring of poison resistance
MPRegen 0.13/turn               A - +4 ring of slaying

@: studying Fighting, lightly drained
A: no striking features
a: Renounce Religion, Smiting


You were on level 7 of the Dungeon.
You worshipped Beogh.
Beogh was pleased with you.
You visited 1 branch of the dungeon, and saw 7 of its levels.
You also visited: Ossuary.

You collected 395 gold pieces.

Inventory:

Hand Weapons
 a - a +0 battleaxe
 b - a +2 hand axe (weapon)
 c - a +0 hunting sling
 h - a +0 dagger of speed
 k - a +1 whip of electrocution
 n - a +0 war axe
 s - a +1 spear of venom
 y - a +4 quarterstaff of chaos
 C - a +0 hand crossbow
 E - a +2 flail of draining
 F - a +2 morningstar of draining
 H - a +3 flail
 K - a +0 hand axe
 O - a +0 shortbow
 P - a +0 broad axe
 Q - a +3 great sword
 S - a +3 trident of freezing
Missiles
 e - 195 stones (quivered)
 g - 29 arrows
 q - 2 poisoned darts
 D - a boomerang
 J - 18 sling bullets
Armour
 d - a +1 ring mail
 w - a +0 plate armour of willpower (worn)
 z - a +0 cloak (worn)
 G - +0 steam dragon scales
 M - a +2 robe
 R - a +1 robe of positive energy
Magical Staves
 L - a staff of fire
Jewellery
 u - a ring of poison resistance (left hand)
 A - a +4 ring of slaying (right hand)
Wands
 t - a wand of paralysis (17)
Scrolls
 i - 2 scrolls of magic mapping
 m - 6 scrolls of teleportation
 r - a scroll of amnesia
 I - a scroll of fog
 N - a scroll of vulnerability {unknown}
Potions
 f - 6 potions of curing
 j - 2 potions of brilliance
 l - a potion of lignification {unknown}
 o - a potion of cancellation {unknown}
 p - a potion of mutation {unknown}
 v - a potion of might {unknown}
 x - a potion of magic {unknown}
 B - a potion of heal wounds


   Skills:
 + Level 9.9 Fighting
 + Level 10.0 Axes
 + Level 2.3 Armour
 + Level 6.3 Dodging
 + Level 6.6 Stealth
 + Level 2.8 Invocations


You had 9 spell levels left.
You didn't know any spells.
Your spell library contained the following spells:

 Spells                   Type           Power      Damage    Failure   Level
 Freeze                   Ice            0%         1d3       100%        1
 Sandblast                Erth           0%         2d4       100%        1
 Summon Small Mammal      Summ           0%         N/A       100%        1
 Passwall                 Tmut/Erth      0%         N/A       100%        2
 Call Canine Familiar     Summ           0%         N/A       100%        3
 Frozen Ramparts          Ice            0%         1d2       100%        3
 Stone Arrow              Conj/Erth      0%         3d7       100%        3
 Summon Guardian Golem    Hex/Summ       0%         N/A       100%        3
 Animate Armour           Summ/Erth      0%         N/A       100%        4
 Hailstorm                Conj/Ice       0%         3d3       100%        4
 Orb of Destruction       Conj           0%         9d5       100%        7
 Spellforged Servitor     Conj/Summ      0%         N/A       100%        7
 Lehudib's Crystal Spear  Conj/Erth      0%         10d2      100%        8


Dungeon Overview and Level Annotations

Branches:
Dungeon (7/15)             Temple (0/1) D:6         Ossuary (visited)

Altars:
Qazlal
The Shining One


Message History

The centaur kicks you but does no damage.
The centaur completely misses you. The centaur barely misses you.
The steam dragon barely misses you. x2
You barely miss the steam dragon.
The steam dragon is moderately wounded.
You closely miss the centaur.
You are engulfed in a cloud of scalding steam.
The centaur hits you but does no damage.
The centaur kicks you.
You slash the steam dragon!
The steam dragon is heavily wounded.
You hit the centaur. The steam dragon bites you.
The steam dragon claws you but does no damage.
The centaur hits you but does no damage.
The centaur closely misses you.
You slash the steam dragon!
The steam dragon is severely wounded.
You hit the centaur.
You are engulfed in a cloud of scalding steam.
The centaur hits you but does no damage.
The centaur barely misses you.
The steam dragon bites you but does no damage.
The steam dragon completely misses you.
You barely miss the steam dragon.
The steam dragon is severely wounded.
You closely miss the centaur. The centaur completely misses you.
The centaur kicks you but does no damage.
The steam dragon breathes steam at you. The ball of steam hits you!
* * * LOW HITPOINT WARNING * * *
You barely miss the steam dragon.
The steam dragon is severely wounded.
You slash the centaur!
You are engulfed in a cloud of scalding steam.
* * * LOW HITPOINT WARNING * * *
The centaur hits you but does no damage.
The centaur kicks you but does no damage.
The steam dragon breathes steam at you. The ball of steam hits you!
You die...

.####..###.# #. .. .#
##.###.### #. .. .#
#..##....# #. D# .#
##.##..#.# .#(# .#
#..#....###(..### .# ##.#.#
#..(# .. #
[#######...###.#.# .#.#
............##.Dc###...##..
)#######.#......@.........#
.###.#.......#+##§###.#....
.....#.#...#.# #.§§ .. <
............... ..>... ...
####.###<..#.#.####.§......
# ........#.#.# ..... .( #
###...#.# # .§... . #
#.#.#.# .... #


You could see a steam dragon (catching breath) and a centaur.

Vanquished Creatures
  Pikel (D:6)
  Maggie (D:6)
  The ghost of DeadBczImStupid the Bolt Thrower, an amateur GrHu (D:6)
  A yak (D:6)
  Menkaure (D:6)
  A water moccasin (D:6)
  Duvessa (D:6)
  An orc warrior (D:7)
  2 ogres
  A centaur (D:7)
  3 lemures (D:6)
  2 bullfrogs
  A wyvern zombie (D:6)
  10 scorpions
  A water moccasin zombie (D:7)
  Dowan (D:6)
  A wyvern skeleton (D:7)
  10 wights
  A howler monkey (D:6)
  2 centaur zombies (Ossuary)
  2 human zombies (Ossuary)
  A centaur skeleton (D:4)
  3 hounds
  Crazy Yiuf (D:4)
  2 orc wizards (D:6)
  7 scorpion zombies (Ossuary)
  2 iguanas
  A hound skeleton (D:4)
  3 mummies (Ossuary)
  A howler monkey zombie (D:6)
  4 gnolls (D:6)
  6 adders
  4 white imps
  4 ufetubi
  2 worms
  5 dart slugs
  12 orcs
  9 bats
  8 endoplasms
  4 giant cockroaches
  6 goblins
  5 hobgoblins
  7 jackals
  8 kobolds
  3 quokkas
  6 ball pythons
  2 frilled lizards
  3 gnoll zombies (Ossuary)
  2 goblin zombies (Ossuary)
  2 kobold zombies (Ossuary)
  An orc zombie (Ossuary)
  4 rats
173 creatures vanquished.

Vanquished Creatures (collateral kills)
  An endoplasm (D:4)
1 creature vanquished.

Vanquished Creatures (others)
  An orc (D:6)
1 creature vanquished.

Grand Total: 175 creatures vanquished

Notes
Turn   | Place    | Note
-------+----------+-------------------------------------------
     0 | D:1      | fknight the Hill Orc Monk began the quest for the Orb.
     0 | D:1      | Reached XP level 1. HP: 19/19 MP: 1/1
    64 | D:1      | Reached XP level 2. HP: 19/27 MP: 2/2
   458 | D:1      | Reached XP level 3. HP: 32/33 MP: 3/3
   511 | D:1      | Found a faded altar of an unknown god.
  2028 | D:3      | Reached XP level 4. HP: 38/41 MP: 4/4
  2514 | D:3      | Reached skill level 5 in Axes
  2934 | D:4      | Found a sand-covered staircase.
  2940 | D:4      | Reached XP level 5. HP: 45/47 MP: 5/5
  2958 | D:4      | Noticed an ogre
  2962 | Ossuary  | Entered an ossuary
  2991 | Ossuary  | Reached skill level 5 in Fighting
  2991 | Ossuary  | Reached XP level 6. HP: 34/56 MP: 6/6
  3529 | Ossuary  | Reached skill level 6 in Axes
  3529 | Ossuary  | Reached XP level 7. HP: 36/61 MP: 7/7
  4337 | Ossuary  | Reached XP level 8. HP: 44/71 MP: 8/8
  4514 | Ossuary  | Reached skill level 7 in Axes
  5831 | D:4      | Found a runed translucent door.
  5832 | D:4      | Noticed Crazy Yiuf
  6989 | D:4      | Killed Crazy Yiuf
  7223 | D:5      | Entered Level 5 of the Dungeon
  7233 | D:5      | Reached skill level 5 in Dodging
  7570 | D:5      | Reached skill level 8 in Axes
  7593 | D:5      | Reached skill level 5 in Stealth
  8122 | D:5      | Found a stormy altar of Qazlal.
  8122 | D:5      | Found a glowing golden altar of the Shining One.
  8290 | D:6      | Found a large runed translucent door.
  8291 | D:6      | Found a large runed translucent door.
  8293 | D:6      | Noticed DeadBczImStupid's ghost (amateur GrHu)
  8295 | D:6      | Became a worshipper of Beogh the Brigand
  8295 | D:6      | Reached * piety under Beogh
  8295 | D:6      | Reached ** piety under Beogh
  8303 | D:6      | Reached XP level 9. HP: 76/79 MP: 9/9
  8306 | D:6      | Noticed Pikel
  8332 | D:6      | Killed Pikel
  8657 | D:6      | Noticed Maggie
  8669 | D:6      | Noticed Menkaure
  8670 | D:6      | Reached skill level 9 in Axes
  8676 | D:6      | Killed Maggie
  8678 | D:6      | Killed Menkaure
  8994 | D:6      | Noticed Dowan
  8995 | D:6      | Noticed Duvessa
  9000 | D:6      | Killed Dowan
  9009 | D:6      | Killed Duvessa
  9249 | D:6      | Found a staircase to the Ecumenical Temple.
  9358 | D:6      | Reached skill level 1 in Invocations
  9703 | D:6      | Reached skill level 1 in Armour
 10228 | D:6      | Killed DeadBczImStupid's ghost
 10229 | D:6      | Reached XP level 10. HP: 43/91 MP: 11/11
 11081 | D:7      | Reached skill level 10 in Axes
 11250 | D:7      | Killed from afar by a steam dragon

Illustrated notes

Levels and vault maps discovered:
D:1:      lordsloth_arrival_two_stooges, layout_basic, basic_ecumenical_altar
D:2:      layout_basic, minmay_tetromino_s2
D:3:      layout_basic
D:4:      layout_loops_ring, enter_ossuary_1, saegor_snake_ambush,
          uniq_crazy_yiuf_cottage
D:5:      layout_rooms, gammafunk_temple_overflow_pools
D:6:      layout_basic, minmay_temple_entry_mini_moons,
          ebering_ghost_disaster_area, st_stairs_8, minmay_manual_monstrance,
          uniq_duvessa, uniq_maggie, uniq_pikel, uniq_menkaure
D:7:      layout_basic, st_stairs_12, minmay_starry_boxes

Skill      XL: |  1  2  3  4  5  6  7  8  9 10 |
---------------+-------------------------------+-----
Fighting       | 4 5 6 7 9 |  9.9
Stealth        | 2 3 4 5 6 |  6.6
Dodging        | 3 4 5 6 |  6.3
Axes           | 5 6 8 9 10 | 10.0
Invocations    | 1 2 |  2.8
Armour         | 1 2 |  2.3

Action                   |  1- 3 |  4- 6 |  7- 9 | 10-12 || total
-------------------------+-------+-------+-------+-------++-------
Melee: Hand axe          |    86 |       |       |    57 ||   143
       War axe           |    11 |    63 |   385 |       ||   459
       Punch             |       |     2 |    10 |     1 ||    13
       Battleaxe         |       |       |       |    15 ||    15
 Fire: Hunting sling     |    21 |    20 |    18 |    30 ||    89
Throw: Stone             |       |     1 |    59 |       ||    60
       Dart              |       |       |     2 |       ||     2
Invok: Convert to Beogh  |       |       |     1 |       ||     1
Evoke: Wand              |       |       |     3 |       ||     3
  Use: Scroll            |       |     7 |    10 |       ||    17
       Potion            |       |       |     7 |       ||     7
 Stab: Sleeping          |     1 |       |       |       ||     1
       Distracted        |       |       |     1 |       ||     1
       Invisible         |       |       |     2 |       ||     2
       Paralysed         |       |       |     6 |       ||     6
Armor: Ring mail         |    45 |    25 |    45 |       ||   115
       Plate armour      |       |       |   140 |    45 ||   185
Dodge: Dodged            |    72 |    49 |   136 |    34 ||   291
